 Dungeon Crawl Stone Soup version 0.23-a0-636-g0ff6057 (console) character file.

10 Duffy the Firebug (level 2, 19/19 HPs)
             Began as a Demonspawn Fire Elementalist on Dec 28, 2018.
             Quit the game on level 1 of the Dungeon.
             The game lasted 00:00:43 (647 turns).

Duffy the Firebug (Demonspawn Fire Elementalist)     Turns: 647, Time: 00:00:44

Health: 19/19      AC:  5    Str:  8    XL:     2   Next: 10%
Magic:  5/5        EV: 12    Int: 16    God:
Gold:   80         SH:  0    Dex: 13    Spells: 4/5 levels left

rFire    . . .     SeeInvis .   (no weapon)
rCold    . . .     Gourm    .   (no shield)
rNeg     . . .     Faith    .   a - +0 robe
rPois    .         Spirit   .   d - +0 helmet
rElec    .         Reflect  .   (no cloak)
rCorr    .         Harm     .   (no gloves)
MR       .....                  (no boots)
Stlth    ++........             (no amulet)
HPRegen  0.06/turn              (no ring)
MPRegen  0.09/turn              (no ring)

@: no status effects
A: slimy green scales 1
a: no special abilities


You were on level 1 of the Dungeon.
You were not hungry.

You visited 1 branch of the dungeon, and saw 1 of its levels.

You collected 80 gold pieces.

Inventory:

Missiles
 j - 7 javelins (quivered)
Armour
 a - a +0 robe (worn)
 d - a +0 helmet (worn)
Scrolls
 b - a scroll of identify {unknown}
 e - a scroll of teleportation {unknown}
 h - a scroll of enchant weapon {unknown}
Potions
 f - a potion of brilliance {unknown}
 g - a potion of heal wounds {unknown}
Comestibles
 c - a ration
 i - 5 chunks of flesh


   Skills:
 - Level 1.7 Dodging
 - Level 1.7 Stealth
 - Level 2.0 Spellcasting
 + Level 2.2 Conjurations
 - Level 2.6 Fire Magic


You had 4 spell levels left.
You knew the following spells:

 Your Spells              Type           Power        Failure   Level  Hunger
h - Flame Tongue          Conj/Fire      #....        8%          1    #......

Your spell library contained the following spells:

 Spells                   Type           Power        Failure   Level  Hunger
 Throw Flame              Conj/Fire      #.....       12%         2    ###....
 Conjure Flame            Conj/Fire      #.......     22%         3    ###....
 Inner Flame              Hex/Fire       #.......     34%         3    ###....
 Sticky Flame             Conj/Fire      #.......     58%         4    #####..
 Fireball                 Conj/Fire      #.........   91%         5    ######.


Dungeon Overview and Level Annotations

Branches:
Dungeon (1/15)

Altars:


Innate Abilities, Weirdness & Mutations

You are partially covered in slimy green scales. (AC +2)


Message History

The hobgoblin closely misses you.
You hit the hobgoblin.
You kill the hobgoblin!
You see here a +0 club.
j - 7 javelins (gained 1)
You see here a +0 club.
You butcher the hobgoblin corpse.
i - 5 chunks of flesh (gained 4)
You see here a hobgoblin skeleton. x2
You now have 65 gold pieces (gained 14).
You see here a +0 club.
You now have 80 gold pieces (gained 15).
Found a stone staircase leading down.
You open the door.
A rat comes into view.
A rat is nearby!
A rat is nearby!
A dart slug comes into view.
There is an open door here.
Are you sure you want to abandon this character and quit the game? (Confirm

##......#
#..#+######.........#
#.#......##....w....#
#.#......##.........#
#.#......##.......r.#
#....######.........#
#.#### #.........####
#.# #.............
#.# #######@######
#.# #..........>...
#.#
####..#.##.#######
..# #............ ###
###..........#
#.#.#....#.#
########)#.....##.#
.......%.###.#..#+#
##.#.###..###......


You could see a dart slug (sleeping) and a rat (sleeping).

Vanquished Creatures
  2 hobgoblins (D:1)
  4 jackals (D:1)
  2 kobolds (D:1)
  A rat (D:1)
9 creatures vanquished.

Notes
Turn   | Place    | Note
-------+----------+-------------------------------------------
     0 | D:1      | Duffy the Demonspawn Fire Elementalist began the quest for
                  | the Orb.
     0 | D:1      | Reached XP level 1. HP: 13/13 MP: 3/3
   566 | D:1      | Gained mutation: You are partially covered in slimy green
                  | scales. (AC +2) [demonic ancestry]
   566 | D:1      | Reached XP level 2. HP: 19/19 MP: 3/5
   647 | D:1      | Quit the game

Vault maps used:
D:1:      wander_arrival_lonely_grave

Skill      XL: |  1 |
---------------+----+-----
Conjurations   | 2 |  2.2
Dodging        | |  1.7
Stealth        | |  1.7
Spellcasting   | |  2.0
Fire Magic     | |  2.6

Action                   || total
-------------------------++-------
Melee: Unarmed           ||     2
Throw: Javelin           ||    15
 Cast: Flame Tongue      ||    12
Armor: Robe              ||     7
Dodge: Dodged            ||    19

Table legend:
 A = Non-vault XP
 B = Vault XP
 C = Vault XP percentage of total XP
 D = Non-vault monster count
 E = Vault monster count
 F = Vault count percentage of total count
                 A         B        C        D         E       F
            +---------+---------+-------+---------+---------+-------
      Total |      15 |       0 |   0.0 |       9 |       0 |   0.0
            +---------+---------+-------+---------+---------+-------
        D:1 |      15 |       0 |   0.0 |       9 |       0 |   0.0
            +---------+---------+-------+---------+---------+-------
